 Dungeon Crawl Stone Soup version 0.19.0-11-g3fc08b3 (webtiles) character file.

8294 HarryHood the Fighter (level 11, -4/104 HPs)
             Began as a Minotaur Berserker on Nov 9, 2016.
             Was a High Priest of Trog.
             Slain by a red devil
             ... wielding a +0 trident
             ... summoned by a deep elf mage
              (10 damage)
             ... on level 11 of the Dungeon on Nov 10, 2016.
             The game lasted 00:55:41 (8168 turns).

HarryHood the Fighter (Minotaur Berserker)          Turns: 8168, Time: 00:55:42

Health: -4/104     AC: 10    Str: 23    XL:     11   Next: 8%
Magic:  10/10      EV: 21    Int:  4    God:    Trog [*****.]
Gold:   681        SH:  0    Dex: 15    Spells: 0 memorised, 10 levels left

rFire  . . .     SeeInvis .     a - +0 mace (drain)
rCold  . . .     Gourm    .     b - +0 ring mail
rNeg   . . .     Faith    .     (no shield)
rPois  .         Spirit   .     (helmet restricted)
rElec  .         Reflect  .     g - +2 cloak
rCorr  .         Harm     .     (no gloves)
MR     .....                    (no boots)
Stlth  +.........               u - amulet of regeneration
                                r - +3 ring of evasion
                                l - +3 ring of dexterity

@: exhausted, slowed, very slow
A: retaliatory headbutt, horns 2
a: Berserk, Trog's Hand, Brothers in Arms, Burn Spellbooks, Renounce Religion


You were on level 11 of the Dungeon.
You worshipped Trog.
Trog was extremely pleased with you.
You were hungry.

You visited 3 branches of the dungeon, and saw 13 of its levels.

You collected 681 gold pieces.

Inventory:

Hand Weapons
 a - a +0 mace of draining (weapon)
Missiles
 i - 232 stones (quivered)
Armour
 b - a +0 ring mail (worn)
 g - a +2 cloak (worn)
Jewellery
 l - a +3 ring of dexterity (left hand)
 o - an uncursed ring of see invisible
 r - a +3 ring of evasion (right hand)
 u - an amulet of regeneration (around neck)
 w - an uncursed amulet of magic regeneration {unknown}
 E - a +3 ring of protection {unknown}
 G - an uncursed ring of magical power {unknown}
Wands
 y - a wand of disintegration (11/24)
Scrolls
 f - 4 scrolls of remove curse
 n - a scroll of magic mapping
 v - 3 scrolls of teleportation
 D - a scroll of fog
Potions
 e - 3 potions of curing
 k - 2 potions of haste
 m - 2 potions of agility
 q - a potion of invisibility {unknown}
 s - a potion of heal wounds
 t - a potion of cancellation {unknown}
 z - a potion of resistance {unknown}
 A - a potion of flight {unknown}
 C - a potion of might {unknown}
Comestibles
 c - 5 bread rations
 d - a slice of pizza
 h - 5 meat rations
 j - 5 chunks of flesh
 x - 19 royal jellies
 B - 2 beef jerkies


   Skills:
 - Level 12.0 Fighting
 - Level 9.0 Maces & Flails
 - Level 0.6 Throwing
 * Level 10.4 Armour
 - Level 10.1 Dodging
 - Level 0.1 Stealth


You had 10 spell levels left.
You didn't know any spells.

Dungeon Overview and Level Annotations

Branches:
Dungeon (11/15)            Temple (1/1) D:5             Orc (1/2) D:10
   Lair: D:8-11

Altars:
Ashenzari
Cheibriados
Dithmenos
Elyvilon
Fedhas
Gozag
Hepliaklqana
Kikubaaqudgha
Makhleb
Nemelex Xobeh
Okawaru
Qazlal
Ru
Sif Muna
Trog
Uskayaw
Vehumet
Xom
Yredelemnul
Zin
The Shining One

Shops:
D:5 [   D:8 :


Innate Abilities, Weirdness & Mutations

You reflexively headbutt those who attack you in melee.
You have a pair of horns on your head.


Message History

The hell rat disappears in a puff of smoke!
The tarantella completely misses you.
The deep elf mage mumbles some strange words.
The red devil completely misses you. The tarantella bites you.
* * * LOW HITPOINT WARNING * * *
Okay, then.
You're too confused!
You're too confused!
You hit the tarantella but do no damage.
You drain the tarantella! You headbutt the tarantella.
You kill the tarantella!
The tarantella's corpse disappears in a puff of smoke!
The hell rat disappears in a puff of smoke!
The red devil completely misses you. The chaos spawn completely misses you.
You feel less confused.
The hell rat twitches its whiskers.
The red devil closely misses you.
The red devil hops backward while attacking.
The red devil hits you from afar with a trident!
You die...

#........#.....
##..............
######...§......#....
C....reZ§†.....## .
?##.#r4r......#
#.############ #s#
#.......# #4#
#.......# #@#
#.......#
#.####.......#
#4...........#
#.####.......# #.#
#.......# #.#
#.......# #.#
#.......# #.#
######### #<#


You could see an ice devil, a chaos spawn, a red devil, a tarantella, a hell rat
and a centaur warrior zombie (wandering).

Vanquished Creatures
  2 hill giants
  A queen bee (D:9)
  2 hippogriffs
  A spriggan (D:7)
  Grum (D:10)
  A hungry ghost (D:8)
  8 orc warriors
  2 ice beasts
  4 sky beasts
  A necrophage (D:8)
  9 ogres
  3 phantoms
  2 wolves (D:10)
  4 centaurs
  2 big kobolds (D:9)
  7 bullfrogs
  4 scorpions
  3 wights (D:9)
  30 killer bees
  A howler monkey (D:9)
  4 crimson imps
  The ghost of Fear the Cutter, a weakling SpCK of Xom (D:3)
  2 centaur zombies
  A gnoll shaman (D:5)
  4 orc priests
  A bullfrog skeleton (D:7)
  A centaur skeleton (D:9)
  5 hounds
  An iguana (D:5)
  8 orc wizards
  4 worker ants
  A hound zombie (D:8)
  A hound skeleton (D:4)
  10 gnolls
  4 adders
  A howler monkey skeleton (D:7)
  2 shadow imps (D:5)
  An adder skeleton (D:8)
  An adder zombie (D:5)
  A worm (D:2)
  2 dart slugs
  6 leopard geckos
  27 orcs
  A ball python (D:5)
  2 giant cockroaches
  5 goblins
  5 hobgoblins
  20 jackals
  14 kobolds
  5 quokkas
  6 bats
  3 frilled lizards
  A jackal skeleton (D:5)
  A jackal zombie (D:7)
  6 rats
246 creatures vanquished.

Notes
Turn   | Place    | Note
-------+----------+-------------------------------------------
     0 | D:1      | HarryHood the Minotaur Berserker began the quest for the Orb.
     0 | D:1      | Reached XP level 1. HP: 19/19 MP: 0/0
   296 | D:1      | Reached XP level 2. HP: 17/26 MP: 1/1
   784 | D:1      | Reached skill level 5 in Maces & Flails
   801 | D:1      | Reached XP level 3. HP: 28/31 MP: 2/2
   804 | D:1      | Reached ** piety under Trog
  1458 | D:2      | Reached XP level 4. HP: 39/39 MP: 3/3
  1587 | D:3      | Noticed Fear's ghost (weakling SpCK)
  1604 | D:3      | Killed Fear's ghost
  1646 | D:3      | Found a burning altar of Makhleb.
  2016 | D:3      | Found a hide-covered altar of Uskayaw.
  2029 | D:3      | Found a glowing silver altar of Zin.
  2032 | D:3      | Found a basalt altar of Yredelemnul.
  2190 | D:4      | Noticed an ogre
  2211 | D:4      | Killed an ogre
  2211 | D:4      | Reached XP level 5. HP: 45/45 MP: 4/4
  2251 | D:4      | Noticed an ogre
  2259 | D:4      | Reached skill level 5 in Armour
  2264 | D:4      | Killed an ogre
  2264 | D:4      | Reached XP level 6. HP: 19/51 MP: 5/5
  3006 | D:4      | Reached skill level 4 in Fighting
  3010 | D:4      | Reached *** piety under Trog
  3208 | D:5      | Entered Level 5 of the Dungeon
  3406 | D:5      | Found Eskiuj's Antique Armour Boutique.
  3411 | D:5      | Reached skill level 5 in Fighting
  3411 | D:5      | Reached XP level 7. HP: 42/61 MP: 6/6
  3556 | D:5      | Reached skill level 6 in Fighting
  3607 | D:5      | Reached XP level 8. HP: 45/70 MP: 7/7
  3678 | D:5      | Found a staircase to the Ecumenical Temple.
  3686 | Temple   | Entered the Ecumenical Temple
  4176 | D:6      | Reached skill level 5 in Dodging
  4687 | D:7      | Reached **** piety under Trog
  4696 | D:7      | Reached XP level 9. HP: 75/75 MP: 8/8
  5022 | D:7      | Found a hazy altar of Hepliaklqana.
  5251 | D:7      | Reached skill level 7 in Fighting
  5596 | D:8      | Found an ancient bone altar of Kikubaaqudgha.
  5830 | D:8      | Found Xiepasun's Book Emporium.
  6245 | D:9      | Reached skill level 8 in Fighting
  6322 | D:9      | Reached XP level 10. HP: 90/90 MP: 9/9
  6346 | D:9      | Reached ***** piety under Trog
  6452 | D:9      | Received a gift from Trog
  6483 | D:9      | Reached skill level 9 in Fighting
  6605 | D:9      | Reached skill level 10 in Dodging
  6745 | D:9      | Reached skill level 10 in Fighting
  7198 | D:10     | Entered Level 10 of the Dungeon
  7229 | D:10     | Reached skill level 11 in Fighting
  7280 | D:10     | Found a blossoming altar of Fedhas.
  7313 | D:10     | Noticed a hill giant
  7321 | D:10     | Killed a hill giant
  7366 | D:10     | Noticed Grum
  7384 | D:10     | Killed Grum
  7393 | D:10     | Reached skill level 12 in Fighting
  7819 | D:10     | Found a staircase to the Orcish Mines.
  8012 | Orc:1    | Entered Level 1 of the Orcish Mines
  8016 | Orc:1    | Noticed an ogre mage
  8032 | D:10     | Reached XP level 11. HP: 64/104 MP: 10/10
  8101 | D:11     | Reached skill level 10 in Armour
  8110 | D:11     | Noticed a deep elf mage
  8114 | D:11     | Noticed a hill giant
  8151 | D:11     | Killed a hill giant
  8166 | D:11     | HP: 4/104 [tarantella[a deep elf mage] (5)]
  8168 | D:11     | Slain by a red devil

Skill      XL: |  1  2  3  4  5  6  7  8  9 10 11 |
---------------+----------------------------------+-----
Maces & Flails | 4 5 6 7 9 |  9.0
Armour         | 4 5 6 7 8 9 10 | 10.4
Fighting       | 5 6 8 12 | 12.0
Dodging        | 3 6 9 10 | 10.1
Throwing       | |  0.6
Stealth        | |  0.1

Action                   |  1- 3 |  4- 6 |  7- 9 | 10-12 || total
-------------------------+-------+-------+-------+-------++-------
Melee: Mace              |   101 |    94 |   280 |   305 ||   780
       Headbutt          |    12 |    20 |    73 |    70 ||   175
Throw: Stone             |       |       |     3 |       ||     3
Invok: Berserk           |       |     2 |     3 |     4 ||     9
       Burn Spellbooks   |       |     1 |     1 |     1 ||     3
  Use: Scroll            |     3 |     1 |    13 |     4 ||    21
       Potion            |       |     2 |       |     3 ||     5
  Eat: Chunk             |     2 |       |     8 |     5 ||    15
       Bread ration      |       |     2 |     1 |     1 ||     4
Armor: Leather armour    |    18 |       |       |       ||    18
       Animal skin       |     1 |       |       |       ||     1
       Ring mail         |    24 |    35 |    72 |    85 ||   216
Dodge: Dodged            |    75 |    58 |   204 |   423 ||   760
